 Dungeon Crawl Stone Soup version 0.23.2-40-g277498a (webtiles) character file.

Game seed: 16967559214057292397

63 Fang the Skirmisher (level 4, -5/29 HPs)
             Began as a Gargoyle Berserker on Aug 28, 2019.
             Was a Believer of Trog.
             Slain by a gnoll
             ... wielding a +0 flail
              (10 damage)
             ... on level 2 of the Dungeon.
             The game lasted 00:00:45 (848 turns).

Fang the Skirmisher (Gargoyle Berserker)             Turns: 848, Time: 00:00:45

Health: -5/29      AC:  5    Str: 21    XL:     4   Next: 10%
Magic:  4/4        EV: 12    Int:  8    God:    Trog [**....]
Gold:   64         SH:  0    Dex:  9    Spells: 3/3 levels left

rFire    . . .     SeeInvis .   a - +0 hand axe
rCold    . . .     Gourm    .   (no shield)
rNeg     + . .     Faith    .   b - +0 animal skin
rPois    ∞         Spirit   .   (no helmet)
rElec    +         Reflect  .   (no cloak)
rCorr    .         Harm     .   (no gloves)
MR       .....                  (no boots)
Stlth    +.........             (no amulet)
HPRegen  0.09/turn              (no ring)
MPRegen  0.09/turn              (no ring)

@: berserk cooldown, slowed, very slow
A: negative energy resistance 1, electricity resistance, unbreathing,
petrification resistance, rot immunity, AC +3
a: Berserk, Trog's Hand, Renounce Religion


You were on level 2 of the Dungeon.
You worshipped Trog.
Trog was pleased with you.
You were hungry.

You visited 1 branch of the dungeon, and saw 2 of its levels.

You collected 64 gold pieces.

Inventory:

Hand Weapons
 a - a +0 hand axe (weapon)
Armour
 b - a +0 animal skin (worn)
Scrolls
 d - a scroll of magic mapping {unknown}
 e - a scroll of fear {unknown}
 g - 2 scrolls of identify {unknown}
 h - a scroll of amnesia {unknown}
 i - a scroll of remove curse {unknown}
Comestibles
 c - 5 rations
 f - 4 chunks of flesh


   Skills:
 + Level 3.9 Fighting
 + Level 3.2 Axes
 + Level 2.9 Armour
 + Level 2.1 Dodging


You had 3 spell levels left.
You didn't know any spells.
Your spell library was empty.

Dungeon Overview and Level Annotations

Branches:
Dungeon (2/15)

Altars:


Innate Abilities, Weirdness & Mutations

You are resistant to torment.
Your stone body is resilient. (AC +3)
You are immune to poison.
You resist negative energy. (rN+)
You are resistant to electric shocks. (rElec)
You can survive without breathing.
You are immune to petrification.
You are immune to rotting.


Message History

Things that are here:
a +0 club; a frilled lizard corpse You feel a strong urge to attack something.
Found 15 stones and 18 bolts.
The gnoll closely misses you.
You feel your anger nearly subside.
You are no longer berserk.
You are exhausted.
You feel yourself slow down. The gnoll hits you with a +0 spear.
* * * LOW HITPOINT WARNING * * *
You slash the gnoll!
The gnoll is heavily wounded.
The gnoll completely misses you.
You slash the gnoll!
You kill the gnoll!
Trog accepts your kill.
You have reached level 4!
You feel clever.
You barely miss the gnoll. The gnoll closely misses you.
The gnoll barely misses you. The gnoll hits you with a +0 flail!
You die...

......# ..(..
........###....
...............
..............#
............#.# #
..........#...#.###
....>.....gg.......
..
...........@)......
... #
......†.).......###
.... .
.........##......#
....####
......)..###.......
........
..........# .(.....
........
#..................
........
#......##..(.......
.......÷ .....##
.#........ ........
..... .#....
........


You could see 2 gnolls.

Vanquished Creatures
  2 gnolls (D:2)
  An adder (D:2)
  A worm (D:2)
  A dart slug (D:1)
  A giant cockroach (D:1)
  5 goblins
  A hobgoblin (D:2)
  5 jackals
  4 bats
  A frilled lizard (D:2)
  4 kobolds
  7 rats
33 creatures vanquished.

Notes
Turn   | Place    | Note
-------+----------+-------------------------------------------
     0 | D:1      | Fang the Gargoyle Berserker began the quest for the Orb.
     0 | D:1      | Reached XP level 1. HP: 14/14 MP: 1/1
    41 | D:1      | Reached XP level 2. HP: 9/19 MP: 2/2
   676 | D:2      | Reached ** piety under Trog
   676 | D:2      | Reached XP level 3. HP: 14/24 MP: 3/3
   848 | D:2      | Reached XP level 4. HP: 5/29 MP: 4/4
   848 | D:2      | Slain by a gnoll

Skill      XL: |  1  2  3 |
---------------+----------+-----
Axes           | 3 |  3.2
Dodging        | 2 |  2.1
Fighting       | |  3.9
Armour         | |  2.9

Action                   |  1- 3 |  4- 6 || total
-------------------------+-------+-------++-------
Melee: Hand axe          |   110 |       ||   110
Invok: Berserk           |     1 |       ||     1
Armor: Animal skin       |    42 |       ||    42
Dodge: Dodged            |   100 |     2 ||   102
